AoeStats
← 739697286

Lombardia

509865261Analyzed
4v4 RM · 5d ago on Sep 28, 2026· 35m 59s· 8 players
Game mode
Random Map
Map size
Large (8 player)
Population
200
Speed
Normal
Resources
Standard
Victory
Conquest
Starting age
Dark Age
Ending age
Imperial Age
RankedLock teamsTeams togetherTeam positionsShared explorationLock speedFull tech treeHidden civsTurbo modeCheats
Victory
Defeat
🇹🇼 Teutons · Taiwan
1697
+9
🇹🇼 Khitans · Taiwan
1664
+10
🇹🇼 Bulgarians · Taiwan
1598
+12
🇦🇺 Franks · Australia
1508
+16
🇫🇷 Armenians · France
1565
-13
🇭🇰 Huns · Hong Kong SAR China
1548
-13
🇪🇸 Koreans · Spain
1499
-11
🇨🇳 Burgundians · China
1479
-10
白纸o
10:48 Feudal Age
15:35 Double-Bit Axe
17:40 Loom
20:35 Castle Age
22:26 Pikeman
29:36 Fletching
30:32 Bodkin Arrow
B.
8:24 Loom
10:41 Feudal Age
12:05 Double-Bit Axe
14:34 Castle Age
17:02 Bow Saw
16:39 Horse Collar
23:24 Wheelbarrow
26:37 Fletching
26:47 Padded Archer Armor
27:24 Bodkin Arrow
29:00 Leather Archer Armor
34:08 Imperial Age
32:42 Ballistics
34:31 Gold Mining
34:42 Heavy Plow
34:33 Stone Mining
35:10 Bracer
35:41 Ring Archer Armor
34:33 Elite Composite Bowman
35:36 Conscription
36:27 Chemistry
MISTER COLLEJAS
11:27 Feudal Age
15:58 Castle Age
14:07 Fletching
14:15 Double-Bit Axe
14:37 Horse Collar
17:17 Bow Saw
22:49 Wheelbarrow
22:19 Heavy Plow
24:12 Ballistics
25:59 Hand Cart
26:00 Bodkin Arrow
26:46 Loom
26:50 Town Watch
30:12 Imperial Age
27:43 Stone Mining
28:57 Gold Mining
29:49 Husbandry
31:32 Stone Shaft Mining
32:03 Chemistry
31:29 Bracer
33:20 Gold Shaft Mining
33:47 Elite War Wagon
35:43 Two-Man Saw
35:12 Conscription
36:16 Coinage
739697286
4:05 Double-Bit Axe
7:28 Loom
10:15 Feudal Age
11:12 Bow Saw
19:42 Wheelbarrow
19:34 Horse Collar
25:30 Castle Age
28:16 Heavy Plow
33:33 Light Cavalry
35:05 Gold Mining
TW_Kenneth
7:03 Loom
9:06 Feudal Age
9:47 Double-Bit Axe
10:40 Horse Collar
15:36 Wheelbarrow
17:22 Stone Mining
17:58 Gold Mining
18:18 Stone Mining
20:33 Castle Age
18:54 Fletching
19:39 Padded Archer Armor
19:46 Town Watch
21:12 Bodkin Arrow
21:34 Bow Saw
24:32 Ballistics
28:29 Leather Archer Armor
30:59 Hand Cart
31:24 Thumb Ring
32:38 Bloodlines
32:29 Husbandry
32:31 Heavy Plow
35:10 Stone Shaft Mining
35:14 Gold Shaft Mining
我最爛別快攻我
5:57 Loom
9:11 Feudal Age
10:13 Double-Bit Axe
10:47 Domestication
12:06 Forging
21:13 Castle Age
19:39 Scale Barding Armor
22:40 Iron Casting
22:18 Bow Saw
22:36 Pastoralism
23:17 Wheelbarrow
24:02 Chain Barding Armor
24:39 Husbandry
29:59 Stone Mining
32:39 Light Cavalry
35:54 Imperial Age
35:44 Caravan
Phenytoin
9:05 Loom
10:52 Feudal Age
15:19 Castle Age
13:05 Double-Bit Axe
16:24 Bow Saw
20:02 Wheelbarrow
22:17 Gold Mining
28:19 Imperial Age
26:00 Scale Barding Armor
26:06 Forging
26:58 Chain Barding Armor
27:54 Gold Shaft Mining
28:18 Iron Casting
27:51 Husbandry
28:26 Cavalier
29:42 Plate Barding Armor
29:38 Hand Cart
29:16 Stone Mining
30:19 Paladin
31:19 Chivalry
32:06 Conscription
34:45 Blast Furnace
34:11 Caravan
P0rr1dg3
7:20 Loom
11:43 Feudal Age
15:26 Castle Age
13:43 Horse Collar
14:46 Double-Bit Axe
16:59 Bow Saw
17:56 Gold Mining
19:36 Forging
20:01 Heavy Plow
21:06 Scale Barding Armor
22:49 Fervor
24:41 Wheelbarrow
26:05 Hand Cart
26:04 Town Watch
34:30 Imperial Age
32:01 Town Patrol
32:05 Scale Mail Armor
32:40 Iron Casting
31:58 Stone Mining
33:13 Chain Mail Armor
33:08 Fletching
34:12 Ballistics
34:25 Bodkin Arrow
34:54 Pikeman
34:57 Onager
35:48 Caravan
35:59 Siege Engineers
36:55 Chemistry
36:30 Crop Rotation
Connection lost

Rejoining the realm…

Still unreachable

The connection could not be restored.

Session expired

The server has moved on; the page needs a fresh start.